Map: Blueshift LE

Players

sirshane - Winner!

  • Race: Zerg Zerg
  • League: Master
  • Spawn Location: 7:00

Добрыня

  • Race: Terran Terran
  • League: Master
  • Spawn Location: 1:00

VOD

Have the link to the VOD?

Description

Time

  • Played on: Sept. 3, 2018, 2:10 p.m.
  • Length: 17:41
Show
View Real Time Build Order
Export as new Build Order

sirshane Zerg - Winner!

Build Orders: Pool First, Swarm Host 

Get SALT Encoding   

  12  0:01  Drone  
  13  0:12  Overlord  
  13  0:17  Drone  
  14  0:23  Extractor  
  14  0:24  Drone  
  15  0:33  Drone  
  15  0:35  Drone  
  17  0:37  Extractor  
  16  0:52  Spawning Pool, Drone  
  16  0:56  Drone  
  17  1:07  Overlord  
  17  1:17  Drone  
  18  1:31  Hatchery  
  17  1:38  Queen  
  19  1:44  Zergling x2  
  19  1:46  Zergling x2  
  21  1:52  Drone  
  22  2:00  Metabolic Boost, Drone  
  23  2:12  Drone  
  23  2:14  Queen  
  26  2:21  Overlord  
  26  2:32  Drone  
  27  2:48  Drone x2  
  27  2:49  Queen  
  27  2:50  Drone  
  32  2:52  Lair  
  32  2:55  Zergling x2  
  32  2:59  Drone  
  32  3:00  Drone  
  34  3:08  Zergling x4  
  34  3:10  Drone  
  36  3:18  Zergling x2  
  37  3:21  Drone  
  37  3:22  Drone x3  
  41  3:28  Drone  
  41  3:31  Drone x2  
  44  3:39  Roach Warren  
  43  3:42  Drone  
  43  3:43  Overlord  
  43  3:55  Hydralisk Den  
  42  3:58  Overlord  
  42  4:04  Drone  
  43  4:11  Drone  
  43  4:12  Overlord  
  43  4:13  Hatchery  
  43  4:17  Drone x2  
  43  4:18  Glial Reconstitution  
  43  4:19  Extractor  
  43  4:21  Roach  
  43  4:22  Drone  
  43  4:23  Drone  
  48  4:25  Drone  
  48  4:30  Hydralisk  
  50  4:37  Spore Crawler  
  49  4:49  Drone  
  49  4:50  Drone  
  49  4:51  Extractor, Drone x3  
  53  4:53  Drone x2  
  53  4:54  Spore Crawler  
  54  5:00  Hydralisk  
  54  5:01  Hydralisk  
  54  5:03  Roach  
  54  5:06  Overlord x2  
  60  5:18  Spore Crawler, Grooved Spines  
  60  5:19  Drone  
  60  5:21  Overlord  
  60  5:23  Overlord, Extractor  
  59  5:37  Hydralisk x3  
  59  5:42  Drone x5  
  70  5:47  Roach x3  
  76  5:55  Drone x3  
  80  5:57  Drone  
  80  5:58  Drone  
  81  6:05  Evolution Chamber  
  81  6:06  Evolution Chamber  
  81  6:08  Hydralisk x2  
  73  6:20  Drone x2  
  73  6:21  Drone x4  
  78  6:31  Drone x6  
  84  6:34  Zerg Missile Weapons Level 1, Zerg Ground Armor Level 1  
  84  6:38  Drone x3  
  87  6:46  Overlord x2, Spine Crawler  
  86  6:52  Burrow  
  86  6:59  Extractor  
  86  7:00  Extractor  
  84  7:03  Zergling x10  
  89  7:08  Muscular Augments  
  89  7:11  Hydralisk x2  
  89  7:14  Drone x2  
  89  7:15  Hatchery, Drone  
  96  7:16  Drone  
  96  7:17  Drone  
  97  7:35  Zergling x14  
  104  7:39  Drone x2  
  106  7:45  Baneling Nest  
  106  7:46  Drone  
  106  7:47  Overlord x3  
  106  7:48  Overlord  
  106  7:49  Overseer x3  
  106  8:00  Overlord x2  
  106  8:11  Hydralisk x2  
  106  8:12  Hydralisk x3  
  117  8:20  Hatchery, Roach  
  117  8:22  Roach  
  117  8:25  Hydralisk  
  117  8:26  Infestation Pit  
  119  8:32  Drone  
  119  8:33  Centrifical Hooks, Drone  
  121  8:35  Zergling x10  
  126  8:44  Roach x3  
  131  8:51  Zerg Ground Armor Level 2, Zerg Missile Weapons Level 2  
  131  9:01  Drone  
  132  9:10  Hive  
  132  9:11  Pneumatized Carapace  
  132  9:24  Swarm Host x3  
  132  9:25  Swarm Host x6  
  132  9:29  Hatchery, Drone  
  132  9:30  Overlord x2  
  159  9:33  Extractor x2  
  157  9:40  Swarm Host  
  157  9:41  Swarm Host x2  
  157  9:43  Overlord x2  
  166  9:54  Drone x3  
  166  9:55  Drone x3  
  166  9:56  Overlord x2  
  166  9:58  Swarm Host  
  175  10:21  Swarm Host x6  
  175  10:22  Swarm Host x2  
  175  10:25  Zergling x2  
  200  10:46  Baneling x6  
  200  10:47  Baneling  
  200  10:48  Baneling x7  
  200  10:49  Baneling x2  
  200  10:51  Adrenal Glands  
  200  11:08  Zerg Melee Weapons Level 1  
  200  11:15  Baneling x7  
  200  11:16  Baneling x3  
  187  11:47  Zergling x2  
  187  11:48  Zergling x26  
  187  11:51  Zerg Ground Armor Level 3  
  172  12:16  Zergling x24  
  172  12:17  Zergling x34  
  195  12:29  Baneling x15  
  187  12:30  Baneling  
  187  12:32  Baneling x6  
  187  12:33  Baneling x6  
  187  12:36  Ultralisk Cavern  
  180  12:50  Zergling x36  
  180  12:51  Zergling x2  
  199  13:02  Extractor  
  199  13:03  Extractor, Drone x2  
  199  13:13  Baneling x12  
  199  13:15  Hatchery  
  199  13:16  Drone  
  199  13:20  Spore Crawler, Extractor  
  199  13:21  Spore Crawler x2, Drone x4  
  199  13:22  Baneling  
  199  13:23  Baneling x7  
  199  13:27  Chitinous Plating  
  199  13:29  Zerg Melee Weapons Level 2  
  199  13:37  Spine Crawler, Drone  
  177  14:08  Zergling x28  
  177  14:09  Zergling x2  
  189  14:23  Zergling x12  
  189  14:24  Zergling x8  
  199  14:28  Zerg Missile Weapons Level 3  
  199  14:42  Spine Crawler  
  199  14:43  Spore Crawler  
  195  14:46  Baneling x2  
  195  14:47  Drone  
  195  14:48  Drone x3  
  199  15:16  Spine Crawler  
  198  15:27  Zergling x2  
  199  15:32  Ultralisk Cavern  
  199  15:35  Spire x2  
  196  15:49  Baneling x4  
  196  15:53  Baneling x2  
  196  15:54  Zergling x8  
  200  16:16  Baneling x8  
  200  16:17  Baneling x32  
  200  16:20  Baneling x12  
  200  16:24  Overseer x2  
  197  16:41  Baneling x2  
  197  16:42  Baneling x2  
  197  16:50  Baneling x3  
  197  16:51  Baneling x12  
  197  16:54  Drone x3  
  197  16:58  Extractor  
  199  17:01  Zergling x2  
Show
View Real Time Build Order
Export as new Build Order

Добрыня Terran 

Build Orders: Reaper Expand, MMM Bio 

Get SALT Encoding   

  12  0:01  SCV  
  13  0:14  SCV  
  13  0:18  Supply Depot  
  14  0:26  SCV  
  15  0:29  Refinery  
  15  0:39  SCV  
  16  0:47  Barracks  
  16  0:51  SCV  
  17  1:04  SCV  
  18  1:16  SCV  
  19  1:34  Orbital Command  
  19  1:35  Reaper  
  20  1:44  Command Center  
  20  1:55  Factory  
  20  2:01  SCV  
  20  2:06  Supply Depot  
  21  2:12  Barracks Reactor  
  21  2:15  Refinery  
  21  2:17  SCV  
  22  2:29  SCV  
  23  2:34  Bunker  
  23  2:46  Hellion  
  23  2:49  Marine  
  23  2:50  Marine  
  26  2:51  SCV  
  27  3:03  SCV  
  28  3:18  Hellion  
  28  3:19  SCV  
  31  3:22  Barracks Tech Lab  
  31  3:26  Starport  
  31  3:33  Hellion  
  33  3:36  Orbital Command  
  33  3:40  Hellion  
  35  3:50  Orbital Command  
  35  3:54  Hellion  
  33  4:00  SCV  
  33  4:01  Hellion  
  36  4:16  Hellion  
  38  4:20  SCV  
  38  4:22  Command Center  
  39  4:36  SCV x2  
  41  4:40  Viking  
  41  4:41  Hellion  
  45  4:48  SCV  
  45  4:51  Cloaking Field  
  46  5:02  Supply Depot  
  46  5:06  Armory  
  46  5:13  Supply Depot  
  46  5:23  Banshee, Marine, SCV x2  
  46  5:24  Hellion  
  56  5:35  SCV x2  
  56  5:38  Cyclone  
  56  5:40  Orbital Command  
  59  5:45  Supply Depot, Cyclone  
  59  5:47  SCV x2  
  59  5:48  Barracks Tech Lab  
  64  5:52  Barracks  
  64  5:59  SCV x2  
  62  6:12  SCV x2  
  50  6:30  Stimpack, Marine  
  48  6:34  Engineering Bay x2  
  48  6:37  Barracks  
  48  6:38  Barracks  
  48  6:42  SCV  
  48  6:43  SCV x2  
  48  6:46  Refinery x2  
  51  6:47  Medivac  
  51  6:48  Siege Tank, Medivac  
  58  6:56  Marine x2  
  58  6:57  SCV  
  58  6:58  Supply Depot, SCV x2  
  58  6:59  Supply Depot  
  63  7:09  SCV  
  63  7:11  SCV  
  63  7:12  SCV  
  63  7:14  Terran Infantry Weapons Level 1, Terran Infantry Armor Level 1, Marine  
  67  7:17  Marine  
  67  7:22  Medivac  
  70  7:23  Siege Tank  
  73  7:30  SCV x2  
  73  7:31  Terran Vehicle Weapons Level 1  
  73  7:33  Barracks Reactor x2  
  73  7:36  Marine x2  
  76  7:39  Orbital Command  
  76  7:42  SCV  
  79  7:45  Barracks  
  79  7:50  Barracks  
  78  7:54  Marine  
  78  7:55  Marine  
  80  8:05  Medivac x2  
  84  8:08  SCV x2  
  84  8:09  SCV  
  84  8:12  Marine  
  88  8:15  Barracks Reactor  
  88  8:18  Marine  
  88  8:19  Marine x2  
  91  8:20  SCV x2  
  91  8:22  Command Center  
  91  8:23  Siege Tank, Marine  
  91  8:24  SCV  
  98  8:28  Factory  
  98  8:30  Marine  
  98  8:31  Refinery  
  98  8:32  SCV, Marine  
  98  8:33  Refinery  
  98  8:34  Supply Depot x2  
  101  8:42  Supply Depot  
  101  8:43  Marine x4, Medivac x2  
  109  8:55  SCV, Marine  
  111  8:56  Barracks Reactor  
  110  9:05  Barracks Reactor  
  110  9:06  Supply Depot  
  110  9:07  Supply Depot  
  110  9:08  Siege Tank  
  113  9:16  Sensor Tower, Marine x2  
  115  9:22  Barracks Reactor  
  115  9:24  SCV  
  115  9:26  Sensor Tower, Marine x2  
  115  9:28  SCV x2  
  120  9:35  Marine  
  120  9:36  Siege Tank, SCV  
  120  9:37  Supply Depot  
  126  9:40  Supply Depot, SCV  
  126  9:46  Marine x2  
  126  9:48  Terran Vehicle Weapons Level 2  
  126  9:50  Combat Shield  
  126  9:52  Marine x4  
  130  9:53  Marine  
  133  10:05  Supply Depot  
  133  10:07  Marine  
  133  10:08  Siege Tank, Marine  
  133  10:12  Marine  
  133  10:13  Marine x2  
  141  10:16  Missile Turret  
  141  10:24  SCV x3  
  144  10:29  Marine x2  
  144  10:33  Marine  
  144  10:35  Missile Turret, Marine x2  
  147  10:41  Siege Tank  
  151  10:44  Marine x2  
  153  11:01  Marine x3  
  153  11:02  Missile Turret  
  156  11:05  Refinery  
  156  11:06  Missile Turret, Command Center  
  156  11:10  Medivac x2  
  160  11:13  Siege Tank, Marine x3  
  166  11:19  Unknown  
  166  11:20  Unknown x8  
  166  11:39  Marine x2  
  124  11:40  Medivac  
  124  11:44  Marine x3  
  124  11:45  Siege Tank, Marine  
  124  11:46  Marauder  
  128  11:47  Marine x3  
  128  11:48  Marine  
  110  11:57  Marine x2  
  99  12:01  Marine  
  99  12:02  Marine x2  
  99  12:03  Marine  
  99  12:05  Marine x2  
  99  12:07  Marauder  
  106  12:09  Marine x2  
  106  12:15  Factory Tech Lab  
  83  12:17  Siege Tank, Marine  
  83  12:20  Marine  
  84  12:23  Terran Infantry Armor Level 2, Terran Infantry Weapons Level 2  
  84  12:26  Marine  
  84  12:27  Orbital Command  
  84  12:29  Marauder  
  76  12:43  Marine x9  
  81  12:44  Marine  
  81  12:49  Siege Tank  
  81  12:50  Marauder  
  87  13:00  Marine  
  87  13:01  Marine x8  
  87  13:02  Marine  
  87  13:04  SCV  
  87  13:05  SCV x2  
  100  13:10  Planetary Fortress  
  100  13:11  Marauder  
  102  13:16  SCV  
  102  13:17  SCV x2  
  102  13:18  Marine x2  
  102  13:19  Marine x7  
  112  13:20  Marine  
  112  13:21  Siege Tank  
  112  13:29  SCV x3  
  112  13:33  Marauder  
  117  13:36  Marine x2  
  117  13:41  SCV x3  
  122  13:43  Siege Tank  
  125  13:48  Orbital Command  
  125  13:49  Marine x2  
  125  13:50  Marine x3  
  125  13:53  SCV x2  
  132  13:57  Siege Tank  
  91  14:21  Marine  
  91  14:22  Marine x3  
  95  14:35  Marine x6  
  95  14:38  Marine  
  89  14:56  Marine x3  
  92  15:04  Liberator  
  76  15:19  Marine x11  
  76  15:20  Siege Tank x2  
  93  15:21  Medivac  
  98  15:37  Marine x3  
  98  15:41  Supply Depot  
  101  15:45  Marine x3  
  85  16:09  SCV x2  
  87  16:11  Marine x2  
  87  16:12  Marine  
  90  16:19  Marine x2  
  92  16:36  Marine x4  
  96  16:52  Orbital Command  
Tags
 
Add a new tag
Caveats
  • Supply blocks, unpowered buildings, or Contaminate may cause inaccurate times.
  • Supply counts are checked every 10 seconds.